 Dungeon Crawl Stone Soup version 0.27.1-33-g824d729ab1 (webtiles) character file.

Game seed: 11944329130690852429

1684 Sharkman1231 the Skirmisher (level 8, -2/63 HPs)
             Began as a Demonspawn Delver on Dec 31, 2021.
             Was a Priest of Yredelemnul.
             Slain by a gnoll sergeant (4 damage)
             ... on level 7 of the Dungeon.
             The game lasted 00:07:11 (7020 turns).

Sharkman1231 the Skirmisher (Demonspawn Delver)     Turns: 7020, Time: 00:07:12

Health: -2/63      AC:  7    Str: 13    XL:     8   Next: 71%
Magic:  11/11      EV: 14    Int: 11    God:    Yredelemnul [***...]
Gold:   369        SH:  5    Dex: 23    Spells: 7/7 levels left

rFire    . . .     SeeInvis .   q - +1 quarterstaff
rCold    . . .     Faith    .   (shield currently unavailable)
rNeg     . . .     Spirit   .   b - +0 leather armour
rPois    .         Reflect  +   i - +0 helmet
rElec    .         Harm     .   (no cloak)
rCorr    .         Rampage  .   h - +0 pair of gloves
Will     .....                  (no boots)
Stlth    +++.......             n - amulet of reflection
HPRegen  0.20/turn              w - +6 ring of dexterity
MPRegen  0.12/turn              (no ring)

@: no status effects
A: claws 1, slimy green scales 1, powered by pain 2
a: Renounce Religion, Recall Undead Slaves, Injury Mirror, Animate Dead


You were on level 7 of the Dungeon.
You worshipped Yredelemnul.
Yredelemnul was most pleased with you.
You visited 1 branch of the dungeon, and saw 7 of its levels.

You collected 369 gold pieces.

Inventory:

Hand Weapons
 a - a +0 mace
 q - a +1 quarterstaff (weapon)
 r - a +4 dagger
Armour
 b - a +0 leather armour (worn)
 h - a +0 pair of gloves (worn)
 i - a +0 helmet (worn)
Jewellery
 n - an amulet of reflection (around neck)
 o - a ring of fire
 s - a ring of magical power
 w - a +6 ring of dexterity (left hand)
Wands
 g - a wand of digging (3)
 B - a wand of flame (17)
 D - a wand of polymorph (7)
 E - a wand of acid (10)
Scrolls
 c - a scroll of fog
 d - 2 scrolls of magic mapping
 j - 4 scrolls of identify {unknown}
 m - 5 scrolls of enchant weapon
 t - a scroll of noise {unknown}
 u - a scroll of summoning {unknown}
 v - a scroll of enchant armour {unknown}
 x - a scroll of teleportation {unknown}
 y - a scroll of fear
Potions
 e - 3 potions of curing {unknown}
 f - 2 potions of haste
 k - a potion of heal wounds {unknown}
 l - a potion of lignification {unknown}
 p - a potion of might {unknown}
 z - a potion of mutation {unknown}
 A - a potion of resistance {unknown}
 C - a potion of brilliance {unknown}
 F - a potion of invisibility {unknown}


   Skills:
 + Level 5.4 Fighting
 - Level 4.4 Maces & Flails
 + Level 4.5 Dodging
 - Level 4.5 Stealth
 * Level 4.0 Unarmed Combat
 + Level 4.9 Invocations
 + Level 4.4 Evocations


You had 7 spell levels left.
You didn't know any spells.
Your spell library contained the following spells:

 Spells                   Type           Power      Damage    Failure   Level
 Apportation              Tloc           0%         N/A       41%         1
 Sandblast                Erth           0%         2d4       41%         1
 Passwall                 Tmut/Erth      0%         N/A       56%         2
 Lee's Rapid Deconstruct  Erth           0%         3d5*      100%        5


Dungeon Overview and Level Annotations

Branches:
Dungeon (7/15)
 Temple: D:4-7

Altars:
Ashenzari
Cheibriados
Elyvilon
Hepliaklqana
Ru
Sif Muna
Yredelemnul
Zin

Annotations:
D:5 2 transporters, exclusion: steam dragon, pkoi's ghost, amateur DrSu
D:6 2 transporters


Innate Abilities, Weirdness & Mutations

You have sharp fingernails.
You are partially covered in slimy green scales. (AC +2)
You sometimes gain power by taking damage.


Message History

The gnoll sergeant closely misses you.
A wight comes into view. It is wielding a +3 short sword.
The gnoll hits you from afar with a +0 spear.
You hit the gnoll sergeant.
The gnoll sergeant is lightly wounded.
The gnoll sergeant hits you with a +0 trident!
You block the gnoll's attack.
A wight comes into view. It is wielding a +3 falchion.
An orc comes into view. It is wielding a +0 hand axe.
The orc shouts!
You hit the gnoll sergeant but do no damage.
The gnoll sergeant is lightly wounded.
The gnoll sergeant hits you but does no damage.
The gnoll hits you from afar with a +0 spear.
You block the gnoll sergeant's attack.
You hit the gnoll sergeant but do no damage.
The gnoll sergeant is lightly wounded.
The gnoll closely misses you.
The gnoll sergeant hits you with a +0 trident!
The gnoll barely misses you.
You barely miss the gnoll sergeant.
The gnoll sergeant is lightly wounded.
The gnoll sergeant closely misses you. You block the gnoll's attack.
You are too injured to fight recklessly!
You hit the gnoll sergeant.
The gnoll sergeant is moderately wounded.
The gnoll sergeant hits you with a +0 trident.
You block the gnoll's attack.
You hit the gnoll sergeant.
The gnoll sergeant is moderately wounded.
The gnoll sergeant hits you with a +0 trident!
* * * LOW HITPOINT WARNING * * *
The gnoll hits you from afar with a +0 spear.
* * * LOW HITPOINT WARNING * * *
Unknown command.
Okay, then.
Unknown command.
The gnoll sergeant hits you from afar with a +0 trident.
You die...
Your body rises from the dead as a mindless zombie.

#.. .......................
##.. .......................
.....
.....................#.
.....
#.............#........
.....#..#++#..#....#........
#..#.# ##..............#
#..zo## ##.....<...)...##
#.og####........).###.##
#zzzo##@...####........#
#ogogg.....# #...##....
############ ######....
#.... #####


You could see a gnoll sergeant, 2 gnolls and 2 orcs.

Vanquished Creatures
  A water moccasin (D:5)
  3 black bears
  A necrophage (D:5)
  A centaur (D:6)
  2 ogres (D:5)
  3 bullfrogs
  2 scorpions (D:5)
  A water moccasin skeleton (D:4)
  3 electric eels (D:5)
  A hound (D:5)
  A gnoll shaman (D:7)
  A jelly (D:5)
  A bullfrog skeleton (D:6)
  3 orc priests
  3 iguanas
  An orc wizard (D:6)
  A scorpion zombie (D:5)
  2 gnolls
  6 adders
  A shadow imp (D:5)
  An ufetubus (D:6)
  3 dart slugs
  9 orcs
  9 bats
  9 endoplasms
  4 giant cockroaches
  6 goblins
  5 hobgoblins
  2 jackals (D:1)
  4 quokkas
  13 ball pythons
  3 frilled lizards
  14 kobolds
  5 rats
  A spectral orc (D:3)
126 creatures vanquished.

Vanquished Creatures (collateral kills)
  An orc wizard (D:5)
1 creature vanquished.

Vanquished Creatures (others)
  A bat (D:1)
  A scorpion zombie (D:5)
  A butterfly (D:5)
  3 fungi (D:2)
  3 plants
  5 toadstools (D:7)
14 creatures vanquished.

Grand Total: 141 creatures vanquished

Notes
Turn   | Place    | Note
-------+----------+-------------------------------------------
     0 | D:5      | Sharkman1231 the Demonspawn Delver began the quest for the
                  | Orb.
     0 | D:5      | Reached XP level 1. HP: 18/18 MP: 1/1
    15 | D:5      | Noticed a jelly
   112 | D:3      | Found a hazy altar of Hepliaklqana.
   112 | D:3      | Found a snail-covered altar of Cheibriados.
   112 | D:3      | Found a sacrificial altar of Ru.
   115 | D:3      | Found a shimmering blue altar of Sif Muna.
   149 | D:4      | Noticed a black bear
   176 | D:5      | Noticed a water moccasin
   176 | D:5      | Noticed a hound
   176 | D:5      | Noticed an iguana
   176 | D:5      | Found a basalt altar of Yredelemnul.
   223 | D:4      | Killed a black bear
   224 | D:4      | Reached skill level 1 in Evocations
   224 | D:4      | Gained mutation: You sometimes gain a little power by
                  | taking damage. [demonic ancestry]
   224 | D:4      | Reached XP level 2. HP: 6/24 MP: 2/2
   224 | D:4      | Gained mutation: You sometimes gain power by taking damage.
                  | [demonic ancestry]
   224 | D:4      | Reached XP level 3. HP: 7/29 MP: 3/3
   224 | D:4      | Reached XP level 4. HP: 8/35 MP: 4/4
   565 | D:4      | Reached XP level 5. HP: 31/42 MP: 5/5
   909 | D:3      | Found a basalt altar of Yredelemnul.
   921 | D:3      | Became a worshipper of Yredelemnul the Dark
  1475 | D:1      | You fall into a shaft and drop 1 floor!
  1862 | D:2      | Reached * piety under Yredelemnul
  1935 | D:2      | Reached skill level 1 in Invocations
  2055 | D:2      | Found a faded altar of an unknown god.
  2065 | D:2      | Got Plato's Grimoire of the Compass
  2791 | D:1      | Reached skill level 4 in Fighting
  3089 | D:3      | Reached XP level 6. HP: 47/48 MP: 6/6
  3111 | D:3      | Reached ** piety under Yredelemnul
  3314 | D:3      | Found a broken altar of Ashenzari.
  3962 | D:5      | Found a transporter.
  4009 | D:5      | Noticed a steam dragon
  4082 | D:5      | Noticed pkoi's ghost (amateur DrSu)
  4083 | D:5      | Found a transporter.
  4103 | D:5      | Found a transporter.
  4296 | D:5      | Gained mutation: You have sharp fingernails. [demonic
                  | ancestry]
  4296 | D:5      | Reached XP level 7. HP: 12/55 MP: 8/8
  4299 | D:5      | Found a sacrificial altar of Ru.
  5052 | D:5      | Reached skill level 1 in Unarmed Combat
  5778 | D:5      | Noticed Ijyb
  5875 | D:5      | Found a transporter.
  5919 | D:5      | Gained mutation: You are partially covered in slimy green
                  | scales. (AC +2) [demonic ancestry]
  5919 | D:5      | Reached XP level 8. HP: 37/61 MP: 10/10
  6074 | D:5      | Reached skill level 5 in Fighting
  6141 | D:5      | Noticed Ijyb
  6141 | D:5      | Ijyb changed into Ijyb the bullfrog
  6148 | D:5      | Killed Ijyb the bullfrog
  6591 | D:6      | Noticed a kobold demonologist
  6595 | D:6      | Found a transporter.
  6598 | D:6      | Found a transporter.
  6740 | D:6      | Noticed a kobold demonologist
  6751 | D:6      | You fall into a shaft and drop 1 floor!
  6820 | D:7      | Reached *** piety under Yredelemnul
  7019 | D:7      | HP: 2/63 [gnoll (5)]
  7020 | D:7      | Slain by a gnoll sergeant

Illustrated notes

Levels and vault maps discovered:
D:1:      minmay_arrival_radiant_lines, layout_rooms
D:2:      layout_rooms, shapermc_ecumenical_altar_rom_forum,
          serial_co_window_serial, co_window_paths_a,
          co_window_of_opportunity_a, co_window_paths_a, co_window_paths_a,
          co_window_paths_a, co_window_2corner, co_window_broadway_b,
          co_window_paths_c, co_window_corner_cb, co_window_broadway_b,
          co_window_unsneaky_path_d, co_window_unsneaky_path_d, glass_columns_a,
          glass_columns_c
D:3:      layout_basic, yredelemnul_forgotten_temple_becter,
          cheibrodos_ashenzari_chains, nicolae_overflow_hidden_temple,
          chequers_serial_rivers_micro_b, minmay_misc_feat_five
D:4:      layout_loops_cross, minmay_large_rounded_square, minivault_1
D:5:      gammafunk_steamed_eel, layout_cave_pools,
          nicolae_elyvilon_peaceful_grove, gammafunk_ghost_hive,
          hangedman_feature_mirror, uniq_ijyb
D:6:      gammafunk_wand_slinger, layout_cave_pools
D:7:      cheibrodos_fertilizer, layout_cave_pools,
          minmay_temple_entry_offerings, serial_gnoll_camp,
          gnoll_camp_huts_basic, gnoll_camp_mini_hut, gnoll_camp_mini_hut,
          gnoll_camp_mini_hut, gnoll_camp_mini_loothouse, gnoll_camp_mini_hut

Skill      XL: |  1  2  3  4  5  6  7  8 |
---------------+-------------------------+-----
Maces & Flails | 3 4 |  4.4
Dodging        | 2 3 4 |  4.5
Evocations     | 1 2 3 4 |  4.4
Invocations    | 1 2 3 4 |  4.9
Fighting       | 4 5 |  5.4
Unarmed Combat | 2 4 |  4.0
Stealth        | |  4.5

Action                   |  1- 3 |  4- 6 |  7- 9 || total
-------------------------+-------+-------+-------++-------
Melee: Mace              |     3 |    89 |       ||    92
       Quarterstaff      |       |   160 |   170 ||   330
Invok: Animate Remains   |       |     1 |     1 ||     2
Evoke: Wand              |     4 |       |     5 ||     9
  Use: Scroll            |     1 |     1 |       ||     2
 Stab: Sleeping          |       |    14 |     1 ||    15
       Distracted        |       |     2 |     1 ||     3
Armor: Leather armour    |     4 |    75 |    43 ||   122
Dodge: Dodged            |     2 |   171 |   168 ||   341
Block: Other             |       |    41 |    53 ||    94
       Reflection        |       |     3 |       ||     3
